 Dungeon Crawl Stone Soup version 0.30-a0-1160-g6e42c06551 (webtiles) character file.

Game seed: 7034151391313741241

360 nintharchangel the Chopper (level 6, 0/53 HPs)
             Began as a Hill Orc Fighter on Apr 25, 2023.
             Was a Priest of Qazlal.
             Slain by a gnoll
             ... wielding a +0 spear
             ... led by a gnoll bouda
              (3 damage)
             ... on level 4 of the Dungeon.
             The game lasted 00:07:10 (2408 turns).

nintharchangel the Chopper (Hill Orc Fighter)       Turns: 2408, Time: 00:07:11

Health: 0/53       AC:  8    Str: 21    XL:     6   Next: 65%
Magic:  6/6        EV:  9    Int:  8    God:    Qazlal [***...]
Gold:   84         SH:  8    Dex: 10    Spells: 2/5 levels left

rFire   . . .        a - +2 war axe
rCold   . . .        c - +0 buckler
rNeg    . . .        b - +1 scale mail
rPois   .            (no helmet)
rElec   .            (no cloak)
rCorr   .            (no gloves)
SInv    .            (no boots)
Will    .....        (no amulet) Stlth
                     (no ring)
HPRegen 0.28/turn    (no ring)
MPRegen 0.10/turn

%: no passive effects
@: no status effects
A: no striking features
a: Renounce Religion, Upheaval, Elemental Force


You were on level 4 of the Dungeon.
You worshipped Qazlal.
Qazlal was most pleased with you.
You visited 1 branch of the dungeon, and saw 3 of its levels.
You also visited: Ossuary.

You collected 84 gold pieces.

Inventory:

Hand Weapons
 a - a +2 war axe (weapon)
Armour
 b - a +1 scale mail (worn)
 c - a +0 buckler (worn)
Jewellery
 e - a ring of protection from fire
Scrolls
 d - a scroll of teleportation
 g - 2 scrolls of amnesia
 m - a scroll of magic mapping
Potions
 f - a potion of brilliance
 h - 2 potions of lignification


   Skills:
 + Level 4.7 Fighting
 + Level 6.8 Axes
 + Level 4.4 Armour
 + Level 0.3 Dodging
 + Level 4.1 Shields


You had 2 spell levels left.
You knew the following spells:

 Your Spells              Type           Power      Damage    Failure   Level
a - Magic Dart            Conj           0%         1d3       80%         1
b - Searing Ray           Conj           0%         2d4       91%         2

Your spell library contained the following spells:

 Spells                   Type           Power      Damage    Failure   Level
 Dazzling Flash           Conj/Hex       0%         N/A       99%         3
 Volatile Blastmotes      Fire/Tloc      0%         2d10      99%         3
 Fulminant Prism          Conj/Hex       0%         3d5       100%        4
 Iskenderun's Mystic Bla  Conj/Tloc      0%         2d3       100%        4
 Starburst                Conj/Fire      0%         6d3       100%        6


Dungeon Overview and Level Annotations

Branches:
Dungeon (4/15)            Ossuary (visited)
 Temple: D:4-7

Altars:
Elyvilon
Hepliaklqana
Qazlal


Message History

The gnoll hits you but does no damage.
Your attacks no longer feel as feeble.
The gnoll hits you from afar with a +0 spear.
* * * LOW HITPOINT WARNING * * *
Okay, then.
The gnoll hits you from afar with a +0 spear.
* * * LOW HITPOINT WARNING * * *
You block the gnoll's attack. You block the gnoll's attack.
The gnoll barely misses you. You block the gnoll's attack.
The gnoll hits you but does no damage. You block the gnoll's attack.
The gnoll hits you but does no damage. You block the gnoll's attack.
The gnoll completely misses you. You block the gnoll's attack.
The gnoll hits you but does no damage. The gnoll hits you but does no damage.
You block the gnoll's attack.
Your transformation is almost over.
The gnoll hits you but does no damage. The gnoll hits you but does no damage.
You block the gnoll's attack. The gnoll hits you but does no damage.
The gnoll hits you from afar with a +0 spear!
* * * LOW HITPOINT WARNING * * *
You block the gnoll's attack. You block the gnoll's attack.
The gnoll hits you but does no damage. The gnoll hits you but does no damage.
You feel less wooden.
Your +1 scale mail unmelds from your body.
You block the gnoll's attack. The gnoll hits you with a +0 spear.
* * * LOW HITPOINT WARNING * * *
Items here: )) [ †.
Okay, then.
You barely miss the gnoll. The gnoll hits you with a +0 spear.
You die...

##.######....###'#####....
####..##....###....#####+
#.................#....
#.................#....
#.................#....
#......................
#..............≈≈≈≈≈≈≈≈
##.###..######.≈.......
#####@g####...≈.≈≈.≈≈§
#.).☼.#.....≈.≈...§§
#.○...#.....≈.≈._.≈.
#.)...#.......≈...≈.
#####'####.....≈.≈≈≈§≈.
##..##.<.##.....≈.......
#...............≈≈≈≈≈≈≈≈
##.......)...............
#.........#..#...##..###.


You could see a gnoll.

Vanquished Creatures
  A wraith (Ossuary)
  A gnoll bouda (D:4)
  2 orc wizards (D:4)
  2 mummies
  2 gnolls (D:4)
  3 adders
  2 worms
  2 dart slugs (D:4)
  3 orcs
  5 endoplasms
  3 giant cockroaches
  6 hobgoblins
  3 kobolds
  A quokka (D:1)
  5 ball pythons
  2 bats (D:1)
  2 frilled lizards
  6 gnoll skeletons (Ossuary)
  5 goblins
  5 kobold skeletons (Ossuary)
  13 orc skeletons (Ossuary)
  3 rats (D:2)
77 creatures vanquished.

Notes
Turn   | Place    | Note
-------+----------+-------------------------------------------
     0 | D:1      | nintharchangel the Hill Orc Fighter began the quest for the
                  | Orb.
     0 | D:1      | Reached XP level 1. HP: 19/19 MP: 1/1
   134 | D:1      | Reached XP level 2. HP: 27/27 MP: 2/2
   406 | D:1      | Found a faded altar of an unknown god.
   423 | D:1      | Prayed at the altar of an unknown god.
   423 | D:1      | Became a worshipper of Qazlal Stormbringer
   423 | D:1      | Reached * piety under Qazlal
   587 | D:1      | Reached skill level 3 in Axes
   856 | D:2      | Reached XP level 3. HP: 33/33 MP: 3/3
  1274 | D:2      | You fall into a shaft and drop 2 floors!
  1301 | D:4      | Found a white marble altar of Elyvilon.
  1370 | D:4      | Found a sand-covered staircase.
  1378 | D:4      | Reached skill level 4 in Axes
  1378 | D:4      | Reached XP level 4. HP: 36/40 MP: 4/4
  1381 | Ossuary  | Entered an ossuary
  1381 | Ossuary  | Noticed a wraith
  1381 | Ossuary  | Noticed a wraith
  1381 | Ossuary  | Noticed a wraith
  1392 | Ossuary  | Reached ** piety under Qazlal
  1536 | Ossuary  | Noticed a wraith
  1554 | Ossuary  | Killed a wraith
  1555 | Ossuary  | Reached skill level 6 in Axes
  1555 | Ossuary  | Reached XP level 5. HP: 35/47 MP: 5/5
  1555 | Ossuary  | Reached XP level 6. HP: 40/53 MP: 6/6
  2066 | D:4      | Learned a level 1 spell: Magic Dart
  2069 | D:4      | Learned a level 2 spell: Searing Ray
  2167 | D:4      | Reached *** piety under Qazlal
  2178 | D:4      | Found a hazy altar of Hepliaklqana.
  2407 | D:4      | HP: 2/53 [gnoll/+0 spear[a gnoll bouda] (4)]
  2408 | D:4      | Slain by a gnoll

Illustrated notes

Levels and vault maps discovered:
D:1:      spicycebolla_arrival_xxxplode, layout_loops_ring,
          shapermc_ecumenical_altar_pompeii, minmay_pentomino_x2
D:2:      layout_rooms, serial_corexii_hall, corexii_hall_statues_deadend,
          corexii_hall_statues_i, chequers_hall_statues_y,
          chequers_hall_statues_wall_a, minmay_misc_feat_five
D:4:      layout_gridville, mainiacjoe_overflow_concentric_impassable,
          marbit_many_paths, gup_ossuary_entry_pyramid

Skill      XL: |  1  2  3  4  5  6 |
---------------+-------------------+-----
Fighting       | 4 |  4.7
Axes           | 3 4 6 |  6.8
Armour         | 4 |  4.4
Shields        | 4 |  4.1
Dodging        | |  0.3

Action                     |  1- 3 |  4- 6 || total
---------------------------+-------+-------++-------
  Melee: War axe           |    91 |    99 ||   190
    Use: Scroll            |    12 |     4 ||    16
         Potion            |       |     9 ||     9
 Armour: Scale mail        |    23 |    38 ||    61
         Skin              |       |    22 ||    22
  Dodge: Dodged            |    42 |    32 ||    74
  Block: Buckler           |    19 |    58 ||    77

Table legend: (Time is in decaauts)
 A = Elapsed time spent in this place.
 B = Non-inter-level travel time spent in this place.
 C = Inter-level travel time spent in this place.
 D = Time resting spent in this place.
 E = Time spent auto-exploring this place.
 F = Levels seen in this place.
 G = Mean time per level.
                   A        B        C        D        E       F      G
               +--------+--------+--------+--------+--------+-----+--------+
         Total |   2460 |   2411 |     49 |    195 |   1368 |   4 |  615.0 |
       Dungeon |   2162 |   2113 |     49 |    115 |   1321 |   3 |  720.7 |
       Ossuary |    298 |    298 |      0 |     80 |     47 |   1 |  298.0 |
               +--------+--------+--------+--------+--------+-----+--------+

Top non-repeatable levels by time:
     D:4: 857 daAuts
     D:1: 852 daAuts
     D:2: 452 daAuts
 Ossuary: 298 daAuts
